 Dungeon Crawl Stone Soup version 0.22.1-2-g9c5b331 (webtiles) character file.

280 Gearfox the Firebug (level 6, 0/32 HPs)
             Began as a Deep Elf Fire Elementalist on Dec 11, 2018.
             Succumbed to a crimson imp's poison
             ... on level 3 of the Dungeon.
             The game lasted 00:11:21 (5645 turns).

Gearfox the Firebug (Deep Elf Fire Elementalist)    Turns: 5645, Time: 00:11:22

Health: 0/32       AC:  5    Str:  5    XL:     6   Next: 5%
Magic:  16/16      EV: 13    Int: 22    God:
Gold:   184        SH:  0    Dex: 15    Spells: 10/16 levels left

rFire    . . .     SeeInvis .   k - +0 dagger (speed)
rCold    . . .     Gourm    .   (no shield)
rNeg     . . .     Faith    .   a - +0 robe
rPois    .         Spirit   .   g - +2 helmet
rElec    .         Reflect  .   (no cloak)
rCorr    .         Harm     .   (no gloves)
MR       .....                  (no boots)
Stlth    ++........             (no amulet)
HPRegen  0.10/turn              (no ring)
MPRegen  0.15/turn              (no ring)

@: lethally poisoned (0 -> -2)
A: no striking features
a: no special abilities


You were on level 3 of the Dungeon.
You were not hungry.

You visited 1 branch of the dungeon, and saw 4 of its levels.

You collected 228 gold pieces.
You spent 44 gold pieces at shops.

Inventory:

Hand Weapons
 k - a +0 dagger of speed (weapon)
Missiles
 b - 86 stones (quivered)
 d - 48 sling bullets
Armour
 a - a +0 robe (worn)
 g - a +2 helmet (worn)
Scrolls
 h - 3 scrolls of teleportation {unknown}
 j - 3 scrolls of identify
 l - a scroll of immolation {unknown}
Potions
 e - a potion of magic
 f - 2 potions of agility
 i - a potion of lignification
Comestibles
 c - 4 rations


   Skills:
 + Level 0.1 Short Blades
 - Level 2.4 Dodging
 - Level 2.4 Stealth
 + Level 0.1 Unarmed Combat
 * Level 5.6 Spellcasting
 + Level 2.3 Conjurations
 * Level 5.8 Fire Magic


You had 10 spell levels left.
You knew the following spells:

 Your Spells              Type           Power        Failure   Level  Hunger
a - Flame Tongue          Conj/Fire      ###..        1%          1    None
b - Throw Flame           Conj/Fire      ###...       2%          2    None
c - Conjure Flame         Conj/Fire      ###.....     5%          3    ##.....

Your spell library contained the following spells:

 Spells                   Type           Power        Failure   Level  Hunger
 Inner Flame              Hex/Fire       ###.....     9%          3    ##.....
 Sticky Flame             Conj/Fire      ###.....     19%         4    ####...
 Fireball                 Conj/Fire      ###.......   45%         5    #####..


Dungeon Overview and Level Annotations

Branches:
Dungeon (4/15)
 Temple: D:4-7

Altars:
Elyvilon
Qazlal
Xom

Shops:
D:4 ?

Annotations:
D:4 Edmund


Message History

* * * LOW HITPOINT WARNING * * *
You feel sick. The crimson imp closely misses you.
The crimson imp barely misses you.
* * * LOW HITPOINT WARNING * * *
You feel sick.
The crimson imp blinks!
* * * LOW HITPOINT WARNING * * *
You feel sick.
* * * LOW HITPOINT WARNING * * *
You feel sick. The crimson imp misses you.
The crimson imp blinks!
* * * LOW HITPOINT WARNING * * *
You feel sick. The crimson imp barely misses you.
* * * LOW HITPOINT WARNING * * *
You feel sick.
The crimson imp blinks!
You hit the crimson imp but do no damage.
The crimson imp blinks!
The crimson imp blinks!
You die...

##################
#........#.......#
#........#.#####.##########
#..........................
#........#.#####.##########
#######........#.# #.#
#........#.#####.#####.#########
...####...>.....@§.............#
.###..###...##§#.#####.#######.##
##......##[.##.#.# #...........
....##......##.#.# ##########.#
...####..........###### ##### #.#
...####....#...5......# #...###..
...÷##................# #...##...
##...[[.##.#..........# #...##...
.###..###..#..........# #...##...


You could see a crimson imp.

Vanquished Creatures
  An ice beast (D:4)
  A worker ant (D:4)
  A hound skeleton (D:4)
  Robin (D:3)
  A gnoll (D:1)
  3 adders
  3 oozes
  2 worms
  A dart slug (D:2)
  A leopard gecko (D:2)
  2 orcs (D:3)
  3 bats
  2 giant cockroaches
  16 goblins
  6 hobgoblins
  11 jackals
  7 kobolds
  A quokka (D:3)
  2 ball pythons (D:2)
  3 frilled lizards
  7 rats
75 creatures vanquished.

Notes
Turn   | Place    | Note
-------+----------+-------------------------------------------
     0 | D:1      | Gearfox the Deep Elf Fire Elementalist began the quest for
                  | the Orb.
     0 | D:1      | Reached XP level 1. HP: 10/10 MP: 6/6
   275 | D:1      | Reached XP level 2. HP: 15/15 MP: 5/8
   497 | D:1      | Reached XP level 3. HP: 14/19 MP: 6/10
   575 | D:1      | Learned a level 2 spell: Throw Flame
  1242 | D:2      | Noticed Robin
  1409 | D:2      | Learned a level 3 spell: Conjure Flame
  1515 | D:1      | Reached XP level 4. HP: 14/24 MP: 4/12
  2167 | D:3      | Killed Robin
  2167 | D:3      | Reached skill level 5 in Fire Magic
  2612 | D:2      | Found a white marble altar of Elyvilon.
  2612 | D:2      | Found a stormy altar of Qazlal.
  3240 | D:3      | Reached XP level 5. HP: 17/28 MP: 8/14
  3266 | D:3      | HP: 1/28 [poisoned by an adder]
  4107 | D:4      | Reached skill level 5 in Spellcasting
  4463 | D:4      | Found Esugio's Magic Scroll Boutique.
  4469 | D:4      | Bought a scroll of identify for 22 gold pieces
  4469 | D:4      | Bought a scroll of identify for 22 gold pieces
  4496 | D:4      | Found a shimmering altar of Xom.
  5169 | D:4      | Noticed an ice beast
  5176 | D:4      | Killed an ice beast
  5176 | D:4      | Reached XP level 6. HP: 26/32 MP: 2/16
  5547 | D:4      | Noticed Edmund
  5636 | D:3      | HP: 1/32 [poisoned by a crimson imp]
  5645 | D:3      | Succumbed to a crimson imp's poison

Skill      XL: |  1  2  3  4  5 |
---------------+----------------+-----
Fire Magic     | 4 5 |  5.8
Spellcasting   | 4 5 |  5.6
Conjurations   | 2 |  2.3
Short Blades   | |  0.1
Dodging        | |  2.4
Stealth        | |  2.4
Unarmed Combat | |  0.1

Action                   |  1- 3 |  4- 6 || total
-------------------------+-------+-------++-------
Melee: Unarmed           |     1 |       ||     1
       Dagger            |       |    99 ||    99
 Cast: Flame Tongue      |    27 |    18 ||    45
       Throw Flame       |    26 |    75 ||   101
  Use: Scroll            |     4 |     2 ||     6
       Potion            |       |     1 ||     1
  Eat: Chunk             |     2 |     7 ||     9
       Ration            |       |     2 ||     2
Armor: Robe              |    10 |    46 ||    56
Dodge: Dodged            |    15 |   111 ||   126
